 Dungeon Crawl Stone Soup version 0.17-a0-1519-g2001520 (console) character file.

548 Monkaria the Slasher (level 7, -5/61 HPs)
             Began as a Minotaur Skald on July 13, 2015.
             Slain by a gnoll
             ... wielding a +0 halberd
              (11 damage)
             ... on level 3 of the Dungeon.
             The game lasted 00:07:46 (3379 turns).

Monkaria the Slasher (Minotaur Skald)               Turns: 3379, Time: 00:07:47

Health: -5/61      AC:  3    Str: 19    XL:     7   Next: 7%
Magic:  8/8        EV: 11    Int:  9    God:
Gold:   76         SH:  0    Dex:  9    Spells: 1 memorised, 7 levels left

rFire  . . .     SeeInvis .     a - +0 falchion
rCold  . . .     Clarity  .     b - +0 leather armour
rNeg   . . .     SustAt   .     (no shield)
rPois  .         Gourm    .     (helmet restricted)
rElec  .         Spirit   .     (no cloak)
rCorr  .         Warding  .     (no gloves)
rMut   .         Stasis   .     (no boots)
MR     .....                    (no amulet)
Stlth  +.........               (no ring)
                                (no ring)

@: not resistant to hostile enchantments, very unstealthy
A: retaliatory headbutt, horns 2
a: no special abilities


You were on level 3 of the Dungeon.
You were hungry.

You visited 1 branch of the dungeon, and saw 3 of its levels.

You collected 76 gold pieces.

Inventory:

Hand weapons
 a - a +0 falchion (weapon)
Missiles
 r - 10 poisoned needles
Armour
 b - a +0 leather armour (worn)
Scrolls
 g - 2 scrolls of fear {unknown}
 h - a scroll of teleportation {unknown}
 i - a scroll of remove curse {unknown}
 j - a scroll of immolation {unknown}
 l - a scroll of enchant weapon {unknown}
 m - a scroll of identify {unknown}
 o - a scroll of random uselessness {unknown}
Potions
 e - 4 potions of heal wounds {unknown}
 n - 2 potions of haste {unknown}
 p - a potion of curing {unknown}
 t - a potion of brilliance {unknown}
 v - a potion of mutation {unknown}
Books
 c - a book of Battle

   Spells                             Type                      Level
   a - Infusion                       Charms                       1
   b - Shroud of Golubria             Charms/Translocation         2
   c - Song of Slaying                Charms                       2
   d - Spectral Weapon                Hexes/Charms                 3
   e - Regeneration                   Charms/Necromancy            3
Comestibles
 d - a bread ration
 f - 2 beef jerkies
 k - 2 meat rations
 q - 4 fruits


   Skills:
 - Level 5.3 Fighting
 + Level 7.9 Long Blades
 - Level 1.2 Armour
 - Level 1.1 Dodging
 - Level 1.3 Spellcasting
 - Level 2.0 Charms


You had 7 spell levels left.
You knew the following spells:

 Your Spells              Type           Power        Failure   Level  Hunger
a - Infusion              Chrm           #.....       21%         1    ##.....


Dungeon Overview and Level Annotations

Branches:
Dungeon (3/15)

Altars:
Ashenzari
Sif Muna
The Shining One


Innate Abilities, Weirdness & Mutations

You reflexively headbutt those who attack you in melee.
You have a pair of horns on your head.


Message History

You kill the hobgoblin!
The kobold throws a stone.
The stone closely misses you.
The gnoll hits you from afar with a halberd!
The gnoll barely misses you. The kobold hits you but does no damage.
The gnoll hits you with a halberd.
* * * LOW HITPOINT WARNING * * *
The gnoll hits you with a spear.
* * * LOW HITPOINT WARNING * * *
There is an open door, spattered with blood here.
Items here: )) †† a club; a whip; a hobgoblin corpse; a gnoll corpse You are too injured to fight recklessly!
You are too injured to fight recklessly!
You are too injured to fight recklessly!
You are too injured to fight recklessly!
The kobold throws a stone.
The stone misses you.
The gnoll hits you from afar with a spear!
* * * LOW HITPOINT WARNING * * *
The gnoll hits you from afar with a halberd!
You die...

....(≈≈≈≈≈≈≈≈≈≈≈≈≈≈≈≈≈≈≈≈≈≈≈≈≈≈≈≈
...≈≈≈≈≈≈≈≈≈≈≈≈≈≈≈≈≈≈≈≈≈≈≈≈≈≈≈≈≈≈
...≈≈≈≈≈≈≈≈≈≈≈≈≈≈≈≈≈≈≈≈≈≈≈≈≈#####
''###########################$$$#
...#.....((#.....## ##......#$$K#
)..#.....)((......###.......#$$$#
)..#########.......#........##'#
..)(#..........(...#g.(....))..#
...((....(...(..@.gKK..((.(.)..#
....#........(....)#.......()..#
...#########.......#........##'##
...# +......###...^...#...# ...#
#.....## ##......#...# ####
####### ########...# #####


You could see 2 gnolls and 2 kobolds.

Vanquished Creatures
  5 big kobolds (D:3)
  Ijyb (D:3)
  2 gnolls (D:3)
  6 adders
  2 worms
  3 giant geckos
  5 orcs (D:3)
  2 giant cockroaches
  14 hobgoblins
  6 jackals
  3 bats
  2 giant newts
  5 goblins
  43 kobolds
  4 rats
103 creatures vanquished.

Notes
Turn   | Place    | Note
--------------------------------------------------------------
     0 | D:1      | Monkaria the Minotaur Skald began the quest for the Orb.
     0 | D:1      | Reached XP level 1. HP: 18/18 MP: 1/1
    36 | D:1      | Found a shattered altar of Ashenzari.
   236 | D:1      | Reached skill level 3 in Fighting
   311 | D:1      | Reached XP level 2. HP: 24/26 MP: 3/3
   694 | D:2      | Reached skill level 4 in Fighting
   748 | D:2      | Reached XP level 3. HP: 12/34 MP: 4/4
  1385 | D:2      | Reached skill level 5 in Fighting
  1739 | D:2      | Reached XP level 4. HP: 40/42 MP: 5/5
  2198 | D:3      | Found a deep blue altar of Sif Muna.
  2198 | D:3      | Found a glowing golden altar of the Shining One.
  2325 | D:3      | Noticed Ijyb
  2334 | D:3      | Killed Ijyb
  2334 | D:3      | Reached XP level 5. HP: 36/48 MP: 6/6
  2388 | D:3      | Noticed a big kobold
  2388 | D:3      | Noticed a big kobold
  2394 | D:3      | Killed a big kobold
  2394 | D:3      | Reached skill level 5 in Long Blades
  2398 | D:3      | Killed a big kobold
  2398 | D:3      | Reached XP level 6. HP: 28/56 MP: 7/7
  2581 | D:3      | Noticed a big kobold
  2589 | D:3      | Reached skill level 6 in Long Blades
  2616 | D:3      | Killed a big kobold
  2938 | D:3      | Noticed a big kobold
  2971 | D:3      | Killed a big kobold
  2971 | D:3      | Reached skill level 7 in Long Blades
  3191 | D:3      | Noticed a big kobold
  3200 | D:3      | Killed a big kobold
  3200 | D:3      | Reached XP level 7. HP: 40/61 MP: 8/8
  3379 | D:3      | Slain by a gnoll

Vault maps used:
D:1:      lemuel_arrival_rhombus, minivault_27, nicolae_ashenzari_panopticon
D:3:      minmay_goblin_kobold_castle, gammafunk_temple_overflow_pools,
          st_stairs_8, minmay_misc_feat_tower, uniq_iyjb

Action                   |  1- 3 |  4- 6 |  7- 9 || total
-------------------------+-------+-------+-------++-------
Melee: Falchion          |    95 |   161 |    22 ||   278
  Eat: Chunk             |     2 |     3 |     1 ||     6
       Pizza             |       |     1 |       ||     1
